 Dungeon Crawl Stone Soup version 0.29.1-12-g30fa7ad0bf (webtiles) character file.

Game seed: 15154040605832819059

88107 raph the Scorcher (level 15, -5/84 HPs)
             Began as a Deep Elf Fire Elementalist on Jan 3, 2023.
             Was an Initiate of Gozag.
             Slain by a shadow (25 damage)
             ... on level 15 of the Dungeon on Jan 4, 2023.
             The game lasted 01:03:41 (39112 turns).

raph the Scorcher (Deep Elf Fire Elementalist)     Turns: 39112, Time: 01:03:42

Health: -5/84      AC: 13    Str:  8    XL:     15   Next: 45%
Magic:  33/34      EV: 21    Int: 34    God:    Gozag
Gold:   3728       SH:  5    Dex: 15    Spells: 3/41 levels left

rFire   . . .      SeeInvis .   a - +1 shortbow
rCold   . . .      Faith    .   (shield currently unavailable)
rNeg    . . .      Spirit   .   Q - +0 robe {Archmagi}
rPois   .          Reflect  +   v - +2 helmet
rElec   .          Harm     .   h - +1 cloak
rCorr   .          Rampage  .   p - +1 pair of gloves
Will    ++...      Archmagi +   F - +2 pair of boots
Stlth   ++........              c - amulet "Hughyl" {Reflect Str+3 SH+5}
HPRegen 0.24/turn               g - ring of Wejunkit {Will+ Int+6}
MPRegen 0.24/turn               J - +4 ring of evasion

@: gold aura, bribing [the Dungeon]
A: no striking features
a: Renounce Religion, Potion Petition, Call Merchant, Bribe Branch


You were on level 15 of the Dungeon.
You worshipped Gozag.
Gozag was most pleased with you.
You visited 4 branches of the dungeon, and saw 23 of its levels.

You collected 10504 gold pieces.
You spent 2869 gold pieces at shops.
You paid 3907 gold pieces to Gozag.

Inventory:

Hand Weapons
 a - a +1 shortbow (weapon)
 k - a +0 dagger
Missiles
 r - 26 poisoned darts
 w - 5 throwing nets
Armour
 h - a +1 cloak (worn)
 p - a +1 pair of gloves (worn)
 v - a +2 helmet (worn)
 A - a +3 leather armour of positive energy
 F - a +2 pair of boots (worn)
 Q - a +0 robe of the Archmagi (worn)
Jewellery
 c - the amulet "Hughyl" (around neck) {Reflect Str+3 SH+5}
   (You acquired it on level 2 of the Dungeon)

   [amulet of reflection]

   It reflects blocked missile attacks.
   Str:       It affects your strength (+3).
   SH:        It affects your SH (+5).
 g - the ring of Wejunkit (left hand) {Will+ Int+6}
   (You found it on level 10 of the Dungeon)

   [ring of intelligence]

   Int:       It affects your intelligence (+6).
   Will:      It increases your willpower.
 l - a ring of fire
 E - a +4 ring of slaying
 J - a +4 ring of evasion (right hand)
Wands
 i - a wand of polymorph (19)
 n - a wand of digging (7)
 o - a wand of mindburst (18)
 K - a wand of roots (6)
 W - a wand of paralysis (12)
 X - a wand of flame (5)
 Z - a wand of quicksilver (5)
Scrolls
 d - 9 scrolls of teleportation
 j - 2 scrolls of identify
 x - 5 scrolls of amnesia
 B - 7 scrolls of fear
 C - 3 scrolls of immolation
 I - 4 scrolls of blinking
 N - a scroll of poison
 R - 2 scrolls of butterflies
 Y - 2 scrolls of enchant weapon
Potions
 b - 3 potions of magic
 e - 2 potions of lignification
 f - 3 potions of brilliance
 m - 6 potions of mutation
 q - 5 potions of haste
 s - 3 potions of curing
 u - 6 potions of ambrosia
 z - a potion of berserk rage
 D - 6 potions of heal wounds
 G - 3 potions of flight
 H - 2 potions of resistance
 L - 6 potions of might
 O - 2 potions of invisibility
 S - 4 potions of cancellation
Miscellaneous
 M - a condenser vane
 P - a phantom mirror
 U - a lightning rod (4/4)


   Skills:
 - Level 6.3 Fighting
 - Level 6.0 Armour
 - Level 9.5 Dodging
 - Level 2.4 Stealth
 + Level 13.7 Spellcasting
 + Level 9.1 Conjurations
 - Level 8.7 Summonings
 + Level 20.6 Fire Magic
 - Level 5.7 Earth Magic


You had 3 spell levels left.
You knew the following spells:

 Your Spells              Type           Power      Damage    Failure   Level
a - Foxfire               Conj/Fire      100%       2x1d9     0%          1
b - Scorch                Fire           100%       2d10      0%          2
c - Conjure Flame         Conj/Fire      100%       6-21      0%          3
d - Inner Flame           Hex/Fire       96%        N/A       1%          3
e - Flame Wave            Conj/Fire      100%       2d21      1%          4
f - Fireball              Conj/Fire      56%        3d22      1%          5
g - Call Canine Familiar  Summ           89%        N/A       1%          3
h - Animate Armour        Summ/Erth      100%       N/A       1%          4
i - Ignition              Fire           64%        3d17      2%          8
j - Blink                 Tloc           68%        N/A       2%          2
k - Stone Arrow           Conj/Erth      100%       3d13      1%          3

Your spell library contained the following spells:

 Spells                   Type           Power      Damage    Failure   Level
 Beastly Appendage        Tmut           68%        N/A       1%          1
 Magic Dart               Conj           100%       1d8       1%          1
 Sting                    Tmut/Pois      100%       1d8       1%          1
 Summon Small Mammal      Summ           100%       N/A       1%          1
 Passwall                 Tmut/Erth      49%        N/A       1%          2
 Searing Ray              Conj           100%       2d8       1%          2
 Summon Guardian Golem    Hex/Summ       68%        N/A       1%          3
 Ensorcelled Hibernation  Hex/Ice        68%        N/A       2%          2
 Poisonous Vapours        Pois/Air       68%        N/A       2%          2
 Sublimation of Blood     Necr           34%        N/A       2%          2
 Wereblood                Tmut           34%        N/A       2%          2
 Lesser Beckoning         Tloc           34%        N/A       5%          3
 Ozocubu's Armour         Ice            34%        N/A       5%          3
 Portal Projectile        Hex/Tloc       68%        N/A       5%          3
 Spider Form              Tmut/Pois      34%        N/A       5%          3
 Swiftness                Air            34%        N/A       5%          3
 Tukima's Dance           Hex            34%        N/A       5%          3
 Iskenderun's Battlesphe  Conj           91%        2d14      1%          5
 Fulminant Prism          Conj/Hex       34%        3d16      2%          4
 Petrify                  Tmut/Erth      59%        N/A       5%          4
 Summon Cactus Giant      Summ           44%        N/A       8%          6
 Summon Forest            Summ/Tloc      34%        N/A       9%          5
 Summon Mana Viper        Hex/Summ       68%        N/A       9%          5
 Freezing Cloud           Conj/Ice/Air   30%        6-21      14%         5
 Olgreb's Toxic Radiance  Pois           34%        N/A       19%         4
 Orb of Destruction       Conj           45%        9d12      34%         7
 Conjure Ball Lightning   Conj/Air       34%        3x3d11    38%         6
 Summon Hydra             Summ           44%        N/A       41%         7
 Blade Hands              Tmut           17%        N/A       45%         5
 Manifold Assault         Tloc           34%        N/A       45%         5
 Metabolic Englaciation   Hex/Ice        17%        N/A       45%         5
 Statue Form              Tmut/Erth      39%        N/A       65%         6
 Lehudib's Crystal Spear  Conj/Erth      42%        10d10     99%         8
 Ozocubu's Refrigeration  Ice            17%        4d11      100%        7
 Polar Vortex             Ice            17%        N/A       100%        9
 Simulacrum               Ice/Necr       Unusable   N/A       N/A         6

Dungeon Overview and Level Annotations

Branches:
Dungeon (15/15)            Temple (1/1) D:4            Lair (5/5) D:8
 Shoals (0/4) Lair:2        Snake (0/4) Lair:3        Slime (0/5) Lair:5
    Orc (2/2) D:10            Elf (0/3) Orc:2        Vaults (0/5) D:13
 Depths (0/4) D:15

Altars:
Ashenzari
Cheibriados
Dithmenos
Elyvilon
Fedhas
Gozag
Hepliaklqana
Kikubaaqudgha
Makhleb
Nemelex Xobeh
Okawaru
Qazlal
Ru
Sif Muna
Trog
Uskayaw
Vehumet
Wu Jian
Xom
Yredelemnul
Zin
The Shining One

Shops:
D:1 [   D:7 (   D:12 *   Orc:2 ![*(=   Lair:1 *

Annotations:
D:3 Grinder
D:4 1 runed translucent door, exclusion: upstairs, gargbit's ghost, novice OpFi
D:11 3 runed translucent doors, Discosetron's ghost, novice SpHu
D:14 3 runed translucent doors, diceflayer's ghost, journeyman DsHu
D:15 2 transporters, Yakesh's ghost, journeyman MiFi
Lair:2 exclusion: oklob plant
Lair:4 3 runed translucent doors, diceflayer's ghost, journeyman DsHu


Message History

You now have 3728 gold pieces (gained 19).
Your cyclops hits something.
You see here 6 gold pieces.
The death knight attacks as you move away!
The death knight hits you with a +0 vampiric battleaxe!!
The death knight draws strength from your wounds!
The death knight attacks as you move away!
The death knight hits you with a +0 vampiric battleaxe!!
* * * LOW HITPOINT WARNING * * *
You feel much better.
The death knight offers itself to Yredelemnul, and fills with unholy energy.
The phantasmal warrior gestures at you.
The phantasmal warrior blinks!
The phantasmal warrior hits your cyclops!!
Blink to where?
Press: ? - help, Dir - move target
As you read the scroll of blinking, it crumbles to dust.
As you read the scroll of butterflies, it crumbles to dust.
You hear the tinkle of a tiny bell.
Something hits the death knight!!
Things that are here:
7 gold pieces; a +0 ring mail; a +2 great sword of holy wrath You see here 5 gold pieces.
You swap places.
You swap places.
The death knight's dark mirror aura disappears.
The death knight invokes the aid of Yredelemnul against you.
The hornet buzzes angrily.
You hear an angry buzzing noise.
The shadow slips into darkness.
The shadow flickers and vanishes!
Deactivating autopickup; reactivate with Ctrl-A.
The shadow strikes at you from the darkness!
* * * LOW HITPOINT WARNING * * *
Reactivating autopickup.
The shadow slips into darkness.
The shadow flickers and vanishes!
Deactivating autopickup; reactivate with Ctrl-A.
A centaur warrior zombie comes into view.
The shadow strikes at you from the darkness!
You die...
Your body crumbles into a pile of gold.

.# #......# #.####...###.# # .#
#......# #........##..#.W
u######......# #........###)..#
...........(.# #.........#####$
.........Z...# #..........#####
.............#####...............
.................................
......................###########
................@.....#
......................#
####....<.............#
#....############### #....#
######


You could see a centaur warrior zombie (wandering).

Vanquished Creatures
  Gastronok (Lair:2)
  An orc warlord (Orc:2)
  Josephine (Lair:4)
  A great orb of eyes (D:14)
  5 hydras
  Harold (D:9)
  A merfolk avatar (Lair:5)
  5 boulder beetles
  An anaconda (shapeshifter) (D:15)
  4 centaur warriors
  3 two-headed ogres
  A death knight (D:14)
  2 tengu warriors (D:14)
  5 death yaks
  Urug (Lair:3)
  3 orc high priests (Orc:2)
  2 skeletal warriors
  2 sea snakes (Lair:5)
  5 orc knights
  A wolf spider zombie (D:15)
  2 deep elf pyromancers
  A phantasmal warrior (D:14)
  A wizard (D:15)
  2 harpies (Lair:5)
  8 ugly things
  3 cyclopes
  5 orc sorcerers (Orc:2)
  3 centaur zombies (D:15)
  5 manticores
  4 black mambas
  Maurice (D:13)
  A torpor snail (Lair:1)
  16 cane toads
  A gargoyle (D:14)
  20 elephants
  2 unseen horrors
  An efreet (D:14)
  2 rime drakes (Lair:4)
  4 kobold demonologists (D:10)
  8 komodo dragons
  2 freezing wraiths
  A tengu conjurer (D:13)
  6 trolls
  6 polar bears
  A hornet (Lair:5)
  A dream sheep (shapeshifter) (D:14)
  10 blink frogs
  15 slime creatures
  4 wyverns
  10 wraiths
  34 yaks
  4 basilisks
  2 steam dragons
  11 vampire mosquitoes
  2 wargs
  An acid dragon (D:12)
  17 water moccasins
  32 orc warriors
  3 black bears
  2 sky beasts
  3 ogres
  2 centaurs
  11 wolves
  2 phantoms
  2 kobold brigands (D:10)
  14 bullfrogs
  2 gnoll sergeants
  A necrophage (D:5)
  4 scorpions
  23 killer bees
  17 howler monkeys
  3 hounds (D:5)
  26 orc priests
  A gnoll bouda (Orc:1)
  A jelly (Lair:5)
  7 iguanas
  24 orc wizards
  6 hell rats
  13 gnolls
  11 adders
  2 white imps
  An ufetubus (D:7)
  A worm (D:3)
  2 dart slugs
  69 orcs
  2 endoplasms (D:3)
  2 giant cockroaches
  6 goblins
  7 hobgoblins
  16 jackals
  6 quokkas
  5 ball pythons
  8 bats
  2 frilled lizards (D:1)
  7 kobolds
  7 rats
  A bush (Lair:5)
617 creatures vanquished.

Vanquished Creatures (collateral kills)
  A tengu warrior (D:15)
  A wolf spider zombie (D:15)
  2 elephants (Lair:4)
  A redback zombie (D:15)
  A shadow (D:15)
  4 foxfires
10 creatures vanquished.

Vanquished Creatures (others)
  An orc warlord (D:14)
  A merfolk impaler (D:14)
  A merfolk javelineer (D:14)
  A centaur warrior (D:14)
  Erolcha (D:13)
  A two-headed ogre (D:13)
  A hell knight (D:14)
  A skeletal warrior (D:15)
  A deep troll (D:15)
  A deep elf pyromancer (D:13)
  3 cyclopes
  A cane toad (shapeshifter) (D:13)
  A queen bee (D:15)
  2 meliai (D:15)
  2 hornets (D:15)
  2 wraiths
  A vampire mosquito (D:13)
  2 orc warriors (D:14)
  6 killer bees (D:15)
  2 bushes (D:9)
  A butterfly (D:9)
  1089 foxfires
  50 fungi
  83 plants
  5 withered plants (D:15)
1260 creatures vanquished.

Grand Total: 1887 creatures vanquished

Notes
Turn   | Place    | Note
-------+----------+-------------------------------------------
     0 | D:1      | raph the Deep Elf Fire Elementalist began the quest for the
                  | Orb.
     0 | D:1      | Reached XP level 1. HP: 10/10 MP: 6/6
   359 | D:1      | Reached XP level 2. HP: 15/15 MP: 5/8
   387 | D:1      | Learned a level 2 spell: Scorch
  1235 | D:1      | Found Jomath's Armour Emporium.
  1240 | D:1      | Reached XP level 3. HP: 20/20 MP: 6/9
  1244 | D:1      | Learned a level 3 spell: Conjure Flame
  1550 | D:2      | Found a faded altar of an unknown god.
  1572 | D:2      | Reached skill level 4 in Fire Magic
  2174 | D:2      | Identified a scroll of acquirement
  2174 | D:2      | Acquired the amulet "Hughyl" {Reflect Str+3 SH+5}
  2508 | D:3      | Reached skill level 1 in Fighting
  2652 | D:3      | Learned a level 3 spell: Inner Flame
  2738 | D:3      | Reached XP level 4. HP: 24/25 MP: 8/11
  3148 | D:3      | Noticed Grinder
  3150 | D:3      | HP: 1/25 [constriction (6)]
  3462 | D:4      | Found a staircase to the Ecumenical Temple.
  3480 | Temple   | Entered the Ecumenical Temple
  3498 | Temple   | Became a worshipper of Gozag Ym Sagoz the Greedy
  3875 | D:4      | Reached XP level 5. HP: 29/29 MP: 9/12
  4328 | D:4      | Found a runed translucent door.
  4328 | D:4      | Noticed gargbit's ghost (novice OpFi)
  4328 | D:4      | Noticed a two-headed ogre
  4494 | D:5      | Entered Level 5 of the Dungeon
  4494 | D:5      | Noticed a phantom
  4703 | D:5      | Reached skill level 5 in Fire Magic
  4703 | D:5      | Reached XP level 6. HP: 35/35 MP: 9/14
  4901 | D:5      | Reached skill level 1 in Armour
  5065 | D:1      | Bought a +2 helmet for 214 gold pieces
  5210 | D:5      | Learned a level 4 spell: Flame Wave
  5256 | D:5      | Reached XP level 7. HP: 34/40 MP: 2/15
  6065 | D:5      | Reached skill level 5 in Spellcasting
  6112 | D:5      | Reached skill level 6 in Fire Magic
  6275 | D:5      | Found a glowing silver altar of Zin.
  6275 | D:5      | Found a basalt altar of Yredelemnul.
  6308 | D:5      | Found a bloodstained altar of Trog.
  6451 | D:1      | Bought a +3 leather armour of positive energy for 273 gold
                  | pieces
  6605 | D:6      | Found an ancient bone altar of Kikubaaqudgha.
  6870 | D:6      | Reached XP level 8. HP: 45/45 MP: 3/18
  6879 | D:6      | Reached skill level 5 in Dodging
  7089 | D:6      | Learned a level 3 spell: Stone Arrow
  7463 | D:6      | Found a snail-covered altar of Cheibriados.
  7608 | D:6      | Found a radiant altar of Vehumet.
  8006 | D:6      | Found an ornate altar of the Wu Jian Council.
  8059 | D:6      | Reached skill level 1 in Earth Magic
  8295 | D:7      | Reached skill level 7 in Fire Magic
  9044 | D:7      | Found a glowing golden altar of the Shining One.
  9058 | D:7      | Found Poqirugo's Weapon Shop.
  9076 | D:7      | Reached XP level 9. HP: 51/51 MP: 14/20
 10184 | D:8      | Reached skill level 5 in Conjurations
 10186 | D:8      | Reached skill level 8 in Fire Magic
 10186 | D:8      | Noticed a death yak
 10581 | D:7      | Found Poqirugo's Weapon Shop.
 10654 | D:7      | Found a glowing golden altar of the Shining One.
 10841 | D:7      | Killed a death yak
 11286 | D:8      | Found a staircase to the Lair.
 11444 | D:8      | Found a sparkling altar of Nemelex Xobeh.
 11548 | D:8      | Found a shadowy altar of Dithmenos.
 11641 | Lair:1   | Entered Level 1 of the Lair of Beasts
 11646 | Lair:1   | Learned a level 3 spell: Call Canine Familiar
 11661 | Lair:1   | Noticed a cane toad
 11672 | Lair:1   | Killed a cane toad
 11673 | Lair:1   | Reached skill level 1 in Summonings
 11803 | Lair:1   | Noticed a torpor snail
 11805 | Lair:1   | Reached XP level 10. HP: 57/57 MP: 14/23
 11813 | Lair:1   | Reached skill level 9 in Fire Magic
 11815 | Lair:1   | Killed a torpor snail
 12518 | Lair:1   | Noticed a five-headed hydra
 12524 | Lair:1   | Killed a five-headed hydra
 12695 | Lair:1   | Noticed a cane toad
 12703 | Lair:1   | Killed a cane toad
 13132 | Lair:1   | Identified the +2 robe of Ohaotaym {Harm rCorr Int-5 Dex+5}
 13202 | Lair:1   | Acquired 844 gold pieces
 13204 | Lair:1   | Acquired 1154 gold pieces
 13208 | Lair:1   | Bought a potion of heal wounds for 150 gold pieces
 13208 | Lair:1   | Bought a potion of heal wounds for 150 gold pieces
 13208 | Lair:1   | Bought a condenser vane for 1200 gold pieces
 13208 | Lair:1   | Bought a scroll of identify for 60 gold pieces
 13587 | Lair:1   | Reached skill level 5 in Earth Magic
 13587 | Lair:1   | Reached XP level 11. HP: 62/62 MP: 20/25
 13658 | Lair:1   | Learned a level 4 spell: Animate Armour
 13692 | Lair:2   | Reached skill level 10 in Fire Magic
 13878 | Lair:2   | Noticed a six-headed hydra
 13882 | Lair:2   | Reached skill level 5 in Summonings
 14000 | Lair:1   | Reached skill level 5 in Fighting
 14303 | Lair:2   | Noticed an oklob plant
 14427 | Lair:2   | Killed a six-headed hydra
 14866 | Lair:2   | Found a staircase to the Shoals.
 15107 | Lair:2   | Noticed Gastronok
 15121 | Lair:2   | Killed Gastronok
 15122 | Lair:2   | Reached skill level 5 in Armour
 16039 | Lair:3   | Noticed Urug
 16064 | Lair:3   | Killed Urug
 16065 | Lair:3   | Reached skill level 11 in Fire Magic
 16183 | Lair:3   | Reached XP level 12. HP: 58/68 MP: 9/27
 16582 | Lair:3   | Found a staircase to the Snake Pit.
 17371 | Lair:4   | Noticed Josephine
 17720 | Lair:4   | Noticed diceflayer's ghost (journeyman DsHu)
 17720 | Lair:4   | Noticed a seven-headed hydra
 17720 | Lair:4   | Noticed a death yak
 17866 | Lair:4   | Killed Josephine
 17944 | Lair:4   | Found a runed translucent gate.
 17947 | Lair:4   | Found a runed translucent gate.
 17949 | Lair:4   | Found a runed translucent gate.
 17972 | Lair:4   | Noticed a boulder beetle
 17997 | Lair:4   | Killed a boulder beetle
 17998 | Lair:4   | Reached skill level 10 in Spellcasting
 18440 | Lair:4   | Reached skill level 12 in Fire Magic
 18542 | Lair:4   | Noticed a death yak
 18556 | Lair:4   | Killed a death yak
 18943 | Lair:4   | Learned a level 8 spell: Ignition
 19095 | Lair:4   | Reached XP level 13. HP: 73/75 MP: 22/29
 19314 | Lair:4   | Reached skill level 13 in Fire Magic
 20246 | Lair:5   | Entered Level 5 of the Lair of Beasts
 20269 | Lair:5   | Reached skill level 14 in Fire Magic
 21549 | Lair:5   | Reached skill level 15 in Fire Magic
 22510 | Lair:5   | Reached skill level 16 in Fire Magic
 22863 | Lair:5   | Found a staircase to the Slime Pits.
 23630 | D:9      | Noticed Harold
 23641 | D:9      | Killed Harold
 23850 | D:9      | Learned a level 5 spell: Fireball
 23938 | D:9      | Found a white marble altar of Elyvilon.
 24493 | D:10     | Entered Level 10 of the Dungeon
 24661 | D:10     | Reached XP level 14. HP: 80/80 MP: 20/31
 25027 | D:10     | Found a hide-covered altar of Uskayaw.
 25662 | D:10     | Identified the ring of Wejunkit {Will+ Int+6}
 25697 | D:10     | Found a staircase to the Orcish Mines.
 25877 | D:11     | Reached skill level 17 in Fire Magic
 26484 | D:11     | Found a runed translucent gate.
 26484 | D:11     | Found a runed translucent gate.
 26484 | D:11     | Found a runed translucent gate.
 26574 | D:11     | Noticed Discosetron's ghost (novice SpHu)
 27128 | D:12     | Found Roarcho's General Store.
 27308 | D:12     | Identified the +5 ring mail of Biukhyov {Regen+ Int+2
                  | Dex+2}
 27838 | D:12     | You fall into a shaft and drop 3 floors!
 27838 | D:15     | Entered Level 15 of the Dungeon
 28378 | D:15     | Found a transporter.
 28390 | D:15     | Reached skill level 18 in Fire Magic
 28399 | D:15     | Found a transporter.
 28639 | D:15     | Noticed Yakesh's ghost (journeyman MiFi)
 28772 | D:14     | Found a shimmering altar of Xom.
 29113 | D:13     | Learned a level 2 spell: Blink
 29131 | D:13     | Noticed Maurice
 29152 | D:13     | Killed Maurice
 29598 | D:13     | Noticed Erolcha
 29632 | D:13     | Killed Erolcha
 29739 | Orc:1    | Entered Level 1 of the Orcish Mines
 29963 | Orc:2    | Entered Level 2 of the Orcish Mines
 30982 | Orc:2    | Noticed an orc warlord
 30995 | Orc:2    | Killed an orc warlord
 30996 | Orc:2    | Reached skill level 19 in Fire Magic
 33456 | Orc:2    | Found Ycsiuj's Distillery.
 33467 | Orc:2    | Bought a potion of heal wounds for 80 gold pieces
 33467 | Orc:2    | Bought a potion of haste for 160 gold pieces
 33467 | Orc:2    | Bought a potion of haste for 160 gold pieces
 33646 | Orc:2    | Found Umniehum's Antique Armour Shoppe.
 33647 | Orc:2    | Found Qaosobytwu's Antique Weapon Shoppe.
 33649 | Orc:2    | Found Ehoraud's General Store.
 33649 | Orc:2    | Found Sicvo's Jewellery Emporium.
 33654 | Orc:2    | Bought a smoking leather armour for 238 gold pieces
 33654 | Orc:2    | Identified the +1 leather armour "Epidupil" {-Tele rElec
                  | rPois Str+2} (You bought it in a shop on level 2 of the
                  | Orcish Mines)
 33672 | Orc:2    | Bought a scroll of blinking for 120 gold pieces
 33672 | Orc:2    | Bought a scroll of identify for 32 gold pieces
 33673 | Orc:2    | Bought a scroll of identify for 32 gold pieces
 33733 | Orc:2    | Found a staircase to the Elven Halls.
 35695 | D:13     | Reached XP level 15. HP: 69/84 MP: 4/33
 35882 | D:13     | Reached skill level 20 in Fire Magic
 36381 | D:13     | Found a gate to the Vaults.
 36386 | D:13     | Identified the ring of Ipurghi {Will+ Int+4 Dex-4}
 36600 | D:13     | Learned a level 3 spell: Stone Arrow
 37729 | D:14     | Found a runed translucent gate.
 37729 | D:14     | Found a runed translucent gate.
 37731 | D:14     | Noticed an orc warlord
 37732 | D:14     | Noticed diceflayer's ghost (journeyman DsHu)
 37733 | D:14     | Found a runed translucent gate.
 37835 | D:14     | Killed an orc warlord
 38722 | D:14     | Found an iron altar of Okawaru.
 38888 | D:15     | Found a staircase to the Depths.
 39076 | D:15     | HP: 3/84 [death knight/+0 vampiric battleaxe (26)]
 39112 | D:15     | Slain by a shadow

Illustrated notes

Levels and vault maps discovered:
D:1:      dpeg_arrival_snail, layout_loops_ring, serial_shops,
          nicolae_shop_advertising_works [nicolae_subvault_shop_adworks],
          minivault_14, grunt_decor_mini_mirrors
D:2:      layout_loops_ring, hellmonk_ecumenical_altar_leap_of_faith
D:3:      layout_basic, uniq_terence, uniq_grinder
D:4:      layout_loops_ring, minmay_temple_entry_ruins,
          ebering_ghost_inner_flame
D:5:      layout_cave_pools, gammafunk_temple_overflow_wave, trog_hazing_becter
D:6:      nicolae_cairo_tiling_large, layout_loops_corners,
          nicolae_overflow_crystal_walls, kennysheep_mini,
          kiku_gazebo_pond_becter, cheibriados_altar_1,
          hangedman_decor_peaks_small
D:7:      minmay_general_purpose_star, layout_basic,
          mainiacjoe_overflow_catwalk, minmay_shop_grid_forest
D:8:      layout_cave_pools, nemelex_xobeh_ov_fountains_minmay,
          kennysheep_mini_moat, david_lair_generic
D:9:      layout_basic, nicolae_elyvilon_peaceful_grove, uniq_harold
D:10:     layout_loops_cross, lemuel_round_altar, orc_0_dummy
D:11:     layout_basic, gammafunk_ghost_icy
D:12:     layout_roguey, serial_shops, shop_fountains, drop_trap
D:13:     layout_long_grid, david_vaults_5, uniq_maurice, uniq_erolcha
D:14:     hourglass_vault, layout_stronghold, gammafunk_ghost_fury_of_okawaru,
          xom_teletrap_fun
D:15:     hangedman_depths_entry_civil_slaughter, layout_irregular_city,
          minivault_4, gammafunk_ghost_hive, serial_undead, serial_undead_a,
          serial_undead_b, serial_undead_a, serial_undead_f, serial_park_tiny_1,
          hangedman_decor_clover_reticule
Temple:   hellmonk_temple_micro_hex
Lair:1:   layout_roguey, grunt_megastairs_2
Lair:2:   layout_gridlike, shoals_dummy_entry, infiniplex_staircase_pool_2,
          grunt_megastairs_5, uniq_gastronok
Lair:3:   layout_loops_ring, minmay_snake_entry_six_corridors,
          minmay_stone_trees_small, lemuel_fruit_tree, lemuel_fruit_fields,
          uniq_urug
Lair:4:   layout_cave_pods, gammafunk_ghost_split, nzn_sisyphean_effort,
          infiniplex_staircase_pool, uniq_josephine
Lair:5:   gammafunk_lair_ancient_temple, layout_regular_city,
          minmay_slime_entry_pillars
Orc:1:    layout_caves, nicolae_orc_crystal_geode
Orc:2:    st_orc_congregation, layout_diamond_mine, serial_shops, shop

Skill      XL: |  1  2  3  4  5  6  7  8  9 10 11 12 13 14 15 |
---------------+----------------------------------------------+-----
Fire Magic     | 4 5 6 7 8 9 11 12 16 19 20 | 20.6
Dodging        | 3 4 5 6 7 8 9 |  9.5
Fighting       | 1 2 3 4 5 6 |  6.3
Conjurations   | 2 3 4 5 6 7 8 9 |  9.1
Spellcasting   | 4 5 6 7 8 9 10 11 12 13 | 13.7
Armour         | 1 2 3 4 5 6 |  6.0
Earth Magic    | 2 3 5 |  5.7
Summonings     | 1 4 6 8 |  8.7
Stealth        | |  2.4

Action                   |  1- 3 |  4- 6 |  7- 9 | 10-12 | 13-15 || total
-------------------------+-------+-------+-------+-------+-------++-------
Melee: Unarmed           |     4 |       |       |       |       ||     4
       Dagger            |     1 |     3 |     5 |       |       ||     9
       Shortbow          |       |       |       |       |     2 ||     2
 Fire: Shortbow          |       |       |    14 |    21 |    14 ||    49
Throw: Dart              |       |       |       |     2 |     8 ||    10
 Cast: Foxfire           |    31 |    63 |   131 |   131 |   265 ||   621
       Scorch            |    33 |    29 |    64 |    98 |   225 ||   449
       Conjure Flame     |     1 |     3 |     4 |     4 |     5 ||    17
       Flame Wave        |       |       |     4 |    46 |   111 ||   161
       Inner Flame       |       |       |     4 |     6 |    11 ||    21
       Stone Arrow       |       |       |     4 |       |    12 ||    16
       Call Canine Famil |       |       |       |     4 |     4 ||     8
       Animate Armour    |       |       |       |     2 |     2 ||     4
       Fireball          |       |       |       |       |    19 ||    19
       Ignition          |       |       |       |       |    46 ||    46
       Blink             |       |       |       |       |     1 ||     1
Invok: Potion Petition   |       |       |       |     1 |       ||     1
       Call Merchant     |       |       |       |     1 |       ||     1
       Bribe Branch      |       |       |       |       |     1 ||     1
Evoke: Lightning rod     |       |       |       |     1 |       ||     1
  Use: Scroll            |     2 |     7 |     9 |    13 |    12 ||    43
       Potion            |       |       |       |     1 |     2 ||     3
 Stab: Sleeping          |     1 |       |       |       |       ||     1
Armor: Robe              |     1 |       |       |       |    27 ||    28
       Leather armour    |     4 |     3 |    23 |    67 |    86 ||   183
Dodge: Dodged            |    10 |     7 |    26 |   118 |   190 ||   351
Block: Other             |       |     4 |     8 |    47 |    60 ||   119
       Reflection        |       |       |     1 |       |     5 ||     6
